 Dungeon Crawl Stone Soup version 0.28.0-1-gb440e238dd (webtiles) character file.

Game seed: 4599379878123723563

744 lawman0 the Slasher (level 7, -3/48 (52) HPs)
             Began as a Vampire Warper on Feb 19, 2022.
             Slain by a wight (12 damage)
             ... on level 6 of the Dungeon.
             The game lasted 00:09:15 (5662 turns).

lawman0 the Slasher (Vampire Warper)                Turns: 5662, Time: 00:09:16

HP:   -3/48 (52)    AC:  4    Str: 10    XL:     7   Next: 47%
MP:   10/10         EV: 12    Int: 17    God:
Gold: 147           SH:  3    Dex: 14    Spells: 5/10 levels left

rFire   . . .      SeeInvis +   a - +0 long sword
rCold   . . .      Faith    .   p - +0 buckler
rNeg    . . .      Spirit   .   b - +0 leather armour
rPois   .          Reflect  .   i - +0 helmet
rElec   .          Harm     .   (no cloak)
rCorr   .          Rampage  .   (no gloves)
Will    .....                   (no boots)
Stlth   +.........              (no amulet)
HPRegen 0.36/turn               (no ring)
MPRegen 0.12/turn               (no ring)

@: healing quickly, drained
A: alive, fangs 3, see invisible, vampiric 2
a: Exsanguinate


You were on level 6 of the Dungeon.
You visited 1 branch of the dungeon, and saw 6 of its levels.

You collected 177 gold pieces.
You spent 30 gold pieces at shops.

Inventory:

Hand Weapons
 a - a +0 long sword (weapon)
Missiles
 d - 3 boomerangs of dispersal
 f - 7 poisoned darts (quivered)
Armour
 b - a +0 leather armour (worn)
 i - a +0 helmet (worn)
 p - a +0 buckler (worn)
Magical Staves
 l - a staff of death
Wands
 o - a wand of iceblast (9)
Scrolls
 c - a scroll of blinking
 g - a scroll of identify
 h - a scroll of enchant weapon
 j - a scroll of fog
 n - a scroll of teleportation
Potions
 e - a potion of attraction
 k - a potion of curing
 m - a potion of degeneration


   Skills:
 + Level 3.0 Fighting
 * Level 5.6 Long Blades
 + Level 1.4 Throwing
 + Level 2.7 Armour
 + Level 3.3 Dodging
 + Level 0.8 Stealth
 * Level 0.2 Shields
 + Level 2.1 Spellcasting
 * Level 3.6 Translocations


You had 5 spell levels left.
You knew the following spells:

 Your Spells              Type           Power      Damage    Failure   Level
a - Blink                 Tloc           28%        N/A       12%         2
b - Teleport Other        Tloc           14%        N/A       24%         3

Your spell library contained the following spells:

 Spells                   Type           Power      Damage    Failure   Level
 Gell's Gravitas          Tloc           14%        N/A       24%         3
 Lesser Beckoning         Tloc           14%        N/A       24%         3
 Manifold Assault         Tloc           14%        N/A       92%         5


Dungeon Overview and Level Annotations

Branches:
Dungeon (6/15)
 Temple: D:4-7

Altars:

Shops:
D:3 !

Annotations:
D:3 3 runed translucent doors, Jase's ghost, amateur OpTm; Jase's ghost, weakling VSFi; pigah's ghost, amateur OpAE


Innate Abilities, Weirdness & Mutations

Your natural rate of healing is accelerated.
You have razor-sharp teeth.
You have supernaturally acute eyesight. (SInv)
You are afflicted with vampirism and can become a bat while bloodless.


Message History

There are monsters nearby!
There are monsters nearby!
You block the wight's attack. The wight hits you with a +0 halberd!
You feel drained.
The wight hits you from afar with a +0 halberd.
You feel drained.
Okay, then.
Aiming: Iceblast
Press: ? - help, Shift-Dir - straight line, f - wight
Aim: a wight, wielding a +2 scimitar and wearing a +0 leather armour The mass of ice explodes!
The iceblast engulfs the wight!
The wight partially resists.
The wight is heavily damaged.
The iceblast engulfs the wight.
The wight partially resists.
The wight is moderately damaged.
You hear an angry hiss.
Unknown command.
You closely miss the wight.
The wight is heavily damaged.
The wight barely misses you.
The wight hits you from afar with a +0 halberd!
You feel drained.
You hit the wight. You bite the wight.
You destroy the wight!
The wight hits you from afar with a +0 halberd!
You block the wight's attack.
Things that are here:
a +2 scimitar; a +0 leather armour You closely miss the wight.
The wight is moderately damaged.
The wight hits you with a +0 halberd.
You hit the wight. You bite the wight.
The wight is almost destroyed.
The wight hits you with a +0 halberd!
* * * LOW HITPOINT WARNING * * *
You feel drained.
* * * LOW HITPOINT WARNING * * *
Okay, then.
The wight hits you from afar with a +0 halberd!
You die...

#.### ...# #. #.#
#.#.#.. #. #.#
#.#.#.##### #.
###.###......... #.
#..............####.
#.#.#####........##.
#.#z# #...........
#.#)# ###........##.
#.#@###........####.
#..#.##.#..........(
##.###.......#.#####.
#...#................
#.##.###.###.#.......
#.#####..............
#.# #..###.########
#.#####..# #.#
##.##.....###.##


You could see a wight.

Vanquished Creatures
  An ogre (D:4)
  A phantom (D:4)
  A scorpion (D:5)
  A wight (D:6)
  A hound (D:4)
  2 orc priests (D:4)
  A centaur skeleton (D:6)
  4 iguanas
  2 orc wizards (D:4)
  8 adders
  A white imp (D:5)
  An ufetubus (D:5)
  2 worms
  A dart slug (D:3)
  10 orcs
  5 bats
  13 endoplasms
  3 giant cockroaches
  5 goblins
  9 hobgoblins
  14 jackals
  12 kobolds
  6 quokkas
  6 ball pythons
  A frilled lizard (D:2)
  A quokka skeleton (D:4)
  6 rats
118 creatures vanquished.

Vanquished Creatures (others)
  5 plants (D:5)
5 creatures vanquished.

Grand Total: 123 creatures vanquished

Notes
Turn   | Place    | Note
-------+----------+-------------------------------------------
     0 | D:1      | lawman0 the Vampire Warper began the quest for the Orb.
     0 | D:1      | Reached XP level 1. HP: 16/16 MP: 3/3
   179 | D:1      | Reached XP level 2. HP: 22/22 MP: 5/5
   228 | D:1      | Learned a level 2 spell: Blink
   748 | D:2      | Gained mutation: You are afflicted with vampirism and can
                  | become a bat while bloodless. [Vampire growth]
   748 | D:2      | Reached XP level 3. HP: 25/27 MP: 6/6
   880 | D:2      | Learned a level 3 spell: Teleport Other
  1620 | D:3      | Reached skill level 3 in Long Blades
  1887 | D:3      | Found Waega's Distillery.
  1897 | D:3      | Bought a potion of curing for 30 gold pieces
  1909 | D:3      | Reached XP level 4. HP: 32/33 MP: 7/7
  2016 | D:3      | Reached skill level 1 in Armour
  2210 | D:3      | Found a runed translucent gate.
  2210 | D:3      | Found a runed translucent gate.
  2210 | D:3      | Found a runed translucent gate.
  2232 | D:3      | Noticed Jase's ghost (amateur OpTm)
  2232 | D:3      | Noticed Jase's ghost (weakling VSFi)
  2232 | D:3      | Noticed pigah's ghost (amateur OpAE)
  2880 | D:4      | Noticed a phantom
  2904 | D:4      | HP: 1/34 [phantom (1)]
  2915 | D:4      | Killed a phantom
  2916 | D:4      | Reached XP level 5. HP: 14/39 MP: 8/8
  3026 | D:4      | Reached skill level 4 in Long Blades
  3344 | D:4      | Noticed an ogre
  3359 | D:4      | Reached XP level 6. HP: 25/46 MP: 9/9
  4089 | D:4      | Reached skill level 1 in Throwing
  4415 | D:4      | Reached skill level 5 in Long Blades
  4415 | D:4      | Reached XP level 7. HP: 30/51 MP: 10/10
  4493 | D:5      | Entered Level 5 of the Dungeon
  4592 | D:5      | HP: 2/51 [iguana (5)]
  5662 | D:6      | Slain by a wight

Illustrated notes

Levels and vault maps discovered:
D:1:      scummos_arrival_forest, layout_basic, serial_glass, glass_columns_b,
          glass_columns_a, glass_columns_c, glass_columns_b, glass_columns_c,
          glass_columns_a
D:2:      layout_loops_ring
D:3:      minmay_chambers_of_twos, layout_basic, gammafunk_ghost_cemetery,
          serial_shops, nicolae_lakefront_shop, chequers_hall_statues_y
D:4:      layout_loops_ring
D:5:      layout_loops_corners, kennysheep_nub, minmay_lizard_king
D:6:      layout_loops_ring, minmay_temple_entry_drinking_statues

Skill      XL: |  1  2  3  4  5  6  7 |
---------------+----------------------+-----
Translocations | 3 |  3.6
Fighting       | 2 3 |  3.0
Long Blades    | 3 4 5 |  5.6
Armour         | 1 2 |  2.7
Dodging        | 3 |  3.3
Throwing       | 1 |  1.4
Stealth        | |  0.8
Shields        | |  0.2
Spellcasting   | |  2.1

Action                   |  1- 3 |  4- 6 |  7- 9 || total
-------------------------+-------+-------+-------++-------
Melee: Falchion          |    96 |       |       ||    96
       Bite              |    16 |    23 |     7 ||    46
       Punch             |     1 |     4 |       ||     5
       Long sword        |    37 |   257 |    54 ||   348
Throw: Dart              |     6 |    23 |    13 ||    42
       Boomerang         |       |     2 |       ||     2
 Cast: Blink             |       |     1 |     5 ||     6
       Teleport Other    |       |     1 |     1 ||     2
Evoke: Wand              |       |       |     1 ||     1
  Use: Scroll            |     4 |     8 |     1 ||    13
       Potion            |       |     1 |     2 ||     3
 Stab: Sleeping          |     1 |       |       ||     1
Armor: Leather armour    |    50 |    71 |    15 ||   136
Dodge: Dodged            |   105 |   221 |    34 ||   360
Block: Buckler           |       |       |     3 ||     3
